 Dungeon Crawl Stone Soup version 0.20-a0-738-gb057e68 (webtiles) character file.

579 Entropy the Cudgeler (level 7, -13/62 HPs)
             Began as a Minotaur Berserker on Feb 23, 2017.
             Was a Believer of Trog.
             Mangled by an ogre
             ... wielding a +0 giant spiked club
              (21 damage)
             ... on level 4 of the Dungeon.
             The game lasted 00:14:03 (2211 turns).

Entropy the Cudgeler (Minotaur Berserker)           Turns: 2211, Time: 00:14:04

Health: -13/62     AC:  7    Str: 24    XL:     7   Next: 13%
Magic:  7/7        EV: 12    Int:  4    God:    Trog [**....]
Gold:   203        SH:  0    Dex:  9    Spells: 6/6 levels left

rFire    + . .     SeeInvis .   w - +1 flail (crush)
rCold    . . .     Gourm    .   o - +0 ring mail
rNeg     . . .     Faith    .   (no shield)
rPois    .         Spirit   .   (helmet restricted)
rElec    .         Reflect  .   (no cloak)
rCorr    +         Harm     .   (no gloves)
MR       .....                  n - +0 pair of boots
Stlth    ..........             (no amulet)
Regen    0.2/turn               f - ring of protection from fire
MPRegen  0.1/turn               t - ring of resist corrosion

@: exhausted, slowed, very slow
A: retaliatory headbutt, horns 2
a: Berserk, Trog's Hand, Burn Spellbooks, Renounce Religion


You were on level 4 of the Dungeon.
You worshipped Trog.
Trog was pleased with you.
You were very hungry.

You visited 1 branch of the dungeon, and saw 4 of its levels.

You collected 203 gold pieces.

Inventory:

Hand Weapons
 a - a +0 mace
 w - a +1 flail of crushing (weapon)
Armour
 b - a +0 animal skin
 n - a +0 pair of boots (worn)
 o - a +0 ring mail (worn)
Jewellery
 e - an uncursed ring of flight
 f - a ring of protection from fire (right hand)
 t - a ring of resist corrosion (left hand)
Wands
 s - a wand of scattershot (0/9)
 z - a wand of iceblast (7/15)
Scrolls
 h - 2 scrolls of enchant armour {unknown}
 k - 2 scrolls of teleportation {unknown}
 l - 3 scrolls of identify {unknown}
 m - 3 scrolls of remove curse {unknown}
 q - a scroll of fear {unknown}
 y - a scroll of fog {unknown}
 A - a scroll of magic mapping {unknown}
 D - a scroll of enchant weapon {unknown}
Potions
 d - a potion of resistance {unknown}
 g - a potion of degeneration {unknown}
 i - 2 potions of heal wounds {unknown}
 j - a potion of brilliance {unknown}
 r - a potion of flight {unknown}
 v - 2 potions of curing {unknown}
 x - a potion of mutation {unknown}
Books
 u - a book of Cantrips

   Spells                             Type                      Level
   a - Confusing Touch                Hexes                        1
   b - Animate Skeleton               Necromancy                   1
   c - Summon Small Mammal            Summoning                    1
   d - Apportation                    Translocation                1
   Trog disapproves of the use of such an item.
Comestibles
 c - 6 bread rations
 p - a meat ration
 B - 4 fruits
 C - 4 chunks of flesh


   Skills:
 + Level 5.8 Fighting
 + Level 6.1 Maces & Flails
 + Level 4.1 Armour
 + Level 4.1 Dodging
 + Level 2.2 Evocations


You had 6 spell levels left.
You didn't know any spells.

Dungeon Overview and Level Annotations

Branches:
Dungeon (4/15)
 Temple: D:4-7

Altars:
Dithmenos
Nemelex Xobeh


Innate Abilities, Weirdness & Mutations

You reflexively headbutt those who attack you in melee.
You have a pair of horns on your head.


Message History

The iceblast engulfs you!
* * * LOW HITPOINT WARNING * * *
Evoking this partially-identified wand wasted a few charges.
You hear a shout!
The ogre completely misses you. Grinder hits you but does no damage.
Evoke which item? (* to show all) (? for menu, Esc to quit)
Aiming: Scattershot (will waste charges)
Press: ? - help, Shift-Dir - straight line, f/p - Grinder
Aim: Grinder (almost dead)
The burst of metal fragments hits Grinder.
You kill Grinder!
Trog accepts your kill.
Your Maces & Flails skill increases to level 6!
Your Armour skill increases to level 4!
Your Dodging skill increases to level 4!
Your Evocations skill increases to level 2!
You have reached level 7!
Evoking this partially-identified wand wasted a few charges.
The ogre hits you with a giant spiked club!!
You die...

##.#.###############
##.#...............###
......†..###..........
##[####### #.#.###.##
##.# ######...###.# #
##.. ..<.....##... ..
#### ######...#.###.#
. #.....#.O>)...# .
#.###...#@)...#
##......$....
#$##.....#.# #.
#.....# #. ####### ..
.


You could see an ogre.

Vanquished Creatures
  Grinder (D:4)
  Eustachio (D:4)
  A scorpion (D:4)
  2 orc wizards (D:4)
  4 gnolls (D:2)
  A howler monkey skeleton (D:4)
  3 adders
  2 oozes
  2 worms (D:3)
  A dart slug (D:2)
  3 leopard geckos
  6 orcs
  5 goblins
  9 hobgoblins
  A quokka (D:4)
  A ball python (D:1)
  9 bats
  2 frilled lizards
  5 kobolds
  3 rats
62 creatures vanquished.

Notes
Turn   | Place    | Note
-------+----------+-------------------------------------------
     0 | D:1      | Entropy the Minotaur Berserker began the quest for the Orb.
     0 | D:1      | Reached XP level 1. HP: 19/19 MP: 0/0
   175 | D:1      | Reached skill level 4 in Maces & Flails
   175 | D:1      | Reached XP level 2. HP: 17/27 MP: 1/1
   571 | D:2      | Reached XP level 3. HP: 34/34 MP: 0/2
   716 | D:2      | Found a shadowy altar of Dithmenos.
   742 | D:2      | Reached ** piety under Trog
   858 | D:2      | Found a sparkling altar of Nemelex Xobeh.
   996 | D:2      | Reached XP level 4. HP: 13/41 MP: 3/3
  1003 | D:2      | Reached skill level 5 in Maces & Flails
  2023 | D:4      | Noticed Eustachio
  2025 | D:4      | Reached XP level 5. HP: 47/47 MP: 4/4
  2031 | D:4      | Killed Eustachio
  2031 | D:4      | Reached skill level 5 in Fighting
  2031 | D:4      | Reached skill level 1 in Evocations
  2031 | D:4      | Reached XP level 6. HP: 56/56 MP: 4/6
  2193 | D:4      | Noticed Grinder
  2211 | D:4      | Killed Grinder
  2211 | D:4      | Reached skill level 6 in Maces & Flails
  2211 | D:4      | Reached XP level 7. HP: 8/62 MP: 7/7
  2211 | D:4      | Mangled by an ogre

Vault maps used:
D:1:      minmay_arrival_split_and_join
D:2:      nemelex_xobeh_ov_fountains_minmay, lemuel_round_altar
D:3:      kennysheep_the_goblin_king, first_bread, minmay_misc_feat_tower
D:4:      minmay_temple_entry_large_hall, nemelex_dance_club_becter, uniq_robin,
          uniq_eustachio, uniq_grinder

Skill      XL: |  1  2  3  4  5  6 |
---------------+-------------------+-----
Maces & Flails | 4 5 6 |  6.1
Fighting       | 4 5 |  5.8
Armour         | 3 4 |  4.1
Dodging        | 3 4 |  4.1
Evocations     | 1 2 |  2.2

Action                   |  1- 3 |  4- 6 |  7- 9 || total
-------------------------+-------+-------+-------++-------
Melee: Mace              |    63 |     5 |       ||    68
       Headbutt          |    12 |     7 |       ||    19
       Flail             |       |    51 |       ||    51
Invok: Berserk           |     1 |     2 |       ||     3
 Abil: Evoke Flight      |     3 |       |       ||     3
Evoke: Wand              |       |     3 |     1 ||     4
  Eat: Chunk             |     1 |     5 |       ||     6
Armor: Animal skin       |     3 |       |       ||     3
       Ring mail         |    22 |    13 |       ||    35
Dodge: Dodged            |    37 |    28 |       ||    65
